 Dungeon Crawl Stone Soup version 0.30.1-9-gdf580d7c3d (webtiles) character file.

Game seed: 17867528339084517897

641 bearlyready the Cudgeller (level 7, -7/48 (56) HPs)
             Began as a Gnoll Reaver on Oct 14, 2023.
             Was an Initiate of Cheibriados.
             Mangled by an ogre
             ... wielding a +0 giant club
              (15 damage)
             ... on level 5 of the Dungeon.
             The game lasted 00:05:31 (4778 turns).

bearlyready the Cudgeller (Gnoll Reaver)            Turns: 4778, Time: 00:05:31

HP:   -7/48 (56)    AC:  3    Str: 12    XL:     7   Next: 51%
MP:   14/15         EV: 13    Int: 15    God:    Cheibriados [......]
Gold: 186           SH:  5    Dex: 12    Spells: 14/17 levels left

rFire   . . .        z - +0 dagger (elec)
rCold   . . .        (no shield)
rNeg    . . .        b - +0 leather armour
rPois   .            (no helmet)
rElec   .            d - scarf {+Inv}
rCorr   .            (no gloves)
SInv    .            (no boots)
Will    .....        r - amulet of reflection
Stlth   ++           g - ring of wizardry
HPRegen 0.28/turn    (no ring)
MPRegen 0.14/turn

%: reflection, wizardry (x1)
@: heavily drained, very slow
A: fangs 1, strong nose, distributed training
a: Renounce Religion, Evoke Invisibility


You were on level 5 of the Dungeon.
You worshipped Cheibriados.
Cheibriados was noncommittal.
You visited 2 branches of the dungeon, and saw 6 of its levels.

You collected 186 gold pieces.

Inventory:

Hand Weapons
 a - a +0 mace
 e - a +0 shortbow
 z - a +0 dagger of electrocution (weapon)
Missiles
 y - 2 throwing nets (quivered)
Armour
 b - a +0 leather armour (worn)
 d - a scarf of invisibility (worn)
Magical Staves
 m - a staff of poison
Jewellery
 g - a ring of wizardry (left hand)
 r - an amulet of reflection (around neck)
 A - a ring of see invisible
 C - a ring of willpower
Wands
 p - a wand of roots (2)
Scrolls
 f - 3 scrolls of identify {unknown}
 h - 2 scrolls of vulnerability {unknown}
 i - 2 scrolls of fear {unknown}
 j - a scroll of poison {unknown}
 k - a scroll of fog {unknown}
 o - 2 scrolls of immolation
 D - a scroll of silence {unknown}
Potions
 c - a potion of berserk rage {unknown}
 l - a potion of mutation {unknown}
 n - a potion of degeneration {unknown}
 q - 2 potions of brilliance {unknown}
 t - a potion of might
 u - a potion of lignification {unknown}
 v - a potion of haste
 w - 3 potions of flight {unknown}
 x - a potion of ambrosia {unknown}
 B - a potion of attraction {unknown}
 E - a potion of invisibility {unknown}


   Skills:
 + Level 5.3 Fighting
 + Level 2.6 Short Blades
 + Level 2.6 Long Blades
 + Level 2.6 Axes
 + Level 7.1 Maces & Flails
 + Level 2.6 Polearms
 + Level 2.6 Staves
 + Level 2.6 Ranged Weapons
 + Level 2.6 Throwing
 + Level 2.6 Armour
 + Level 5.3 Dodging
 + Level 2.6 Stealth
 + Level 2.6 Shields
 + Level 2.6 Unarmed Combat
 + Level 5.7 Spellcasting
 + Level 5.9 Conjurations
 + Level 2.1 Hexes
 + Level 2.1 Summonings
 + Level 2.1 Necromancy
 + Level 2.1 Translocations
 + Level 2.1 Transmutations
 + Level 2.1 Fire Magic
 + Level 2.1 Ice Magic
 + Level 2.1 Air Magic
 + Level 2.1 Earth Magic
 + Level 2.1 Poison Magic
 + Level 2.9 Invocations
 + Level 2.6 Evocations


You had 14 spell levels left.
You knew the following spells:

 Your Spells              Type           Power      Damage    Failure   Level
a - Kiss of Death         Conj/Necr      64%        2d10      1%          1
b - Momentum Strike       Conj/Tloc      32%        3d8       2%          2

Your spell library contained the following spells:

 Spells                   Type           Power      Damage    Failure   Level
 Slow                     Hex            40%        N/A       3%          1
 Hailstorm                Conj/Ice       16%        3d6       4%          3
 Confusing Touch          Hex            10%        N/A       10%         3
 Summon Guardian Golem    Hex/Summ       10%        N/A       10%         3
 Vampiric Draining        Necr           10%        2d6       10%         3
 Orb of Destruction       Conj           11%        9d6       99%         7
 Spellforged Servitor     Conj/Summ      8%         N/A       100%        7


Dungeon Overview and Level Annotations

Branches:
Dungeon (5/15)             Temple (1/1) D:5

Altars:
Ashenzari
Cheibriados
Dithmenos
Gozag
Kikubaaqudgha
Makhleb
Nemelex Xobeh
Okawaru
Trog
Uskayaw
Vehumet
Wu Jian
Xom
Zin

Annotations:
D:3 3 runed translucent doors, lonewolfV2's ghost, amateur FoFi


Innate Abilities, Weirdness & Mutations

You have very sharp teeth.
Your uncanny sense of smell can sniff out nearby items.
Your experience applies equally to all skills.


Message History

The phantom hits you.
The phantom blinks!
You blink.
Casting: Kiss of Death (safe; 1% risk of failure)
Confirm with . or Enter, or press ? or * to list all spells.
You can't see any susceptible monsters within range! (Use Z to cast anyway.) Unknown command.
You hit the phantom but do no damage.
The phantom is severely damaged.
The phantom hits you!
You hit the phantom but do no damage. Lightning courses through the phantom!
You destroy the phantom!
Cheibriados appreciates the change of pace.
Throw: 2 darts (poison)
Press: ? - help, Q - select action, (/) - cycle Shift-Dir - straight line, f - ogre
Aim: an ogre, wielding a +0 giant club (75% to hit)
You throw a poisoned dart. The poisoned dart hits the ogre.
Throw: dart (poison)
Press: ? - help, Q - select action, (/) - cycle Shift-Dir - straight line, f/p - ogre
Aim: an ogre, wielding a +0 giant club (75% to hit)
You throw a poisoned dart. The poisoned dart hits the ogre!
The ogre is poisoned.
A jelly comes into view.
The ogre attacks as you move away!
The ogre hits you with a +0 giant club!!
* * * LOW HITPOINT WARNING * * *
The jelly quivers.
You hit the ogre.
The ogre is lightly wounded.
Casting: Kiss of Death (safe; 1% risk of failure)
Confirm with . or Enter, or press ? or * to list all spells.
Aiming: Kiss of Death (safe; 1% risk of failure)
Press: ? - help, Shift-Dir - straight line, f/p - ogre
Aim: an ogre, wielding a +0 giant club (lightly wounded, very poisoned, 100% to hit)
The negative energy hits the ogre.
The ogre is drained!
The ogre is lightly wounded.
You feel drained. The ogre hits you with a +0 giant club.
* * * LOW HITPOINT WARNING * * *
You barely miss the ogre.
The ogre is moderately wounded.
The ogre hits you with a +0 giant club!
You die...

#..#########.......# #.....
#..# #.......# #..... #..#
##.......####.....
#.................
#........###...... #.......)#
#...... .. #........###......
#. ###.###............. # #.
######..@.....#####.##### #.#.#
#...##.#O.....#####.### #.#.#
#.#.##.#..............###
#...###.#.##.#...#............#
#.....#....#...########.#.#.#
#..#######...(.... ...#.#.#
#.....#....#...###.####..#..#
#.....#.............###.###..
#.###.#.#.#...###......#.#..#


You could see an ogre (poisoned, drained).

Vanquished Creatures
  Grinder (D:5)
  A phantom (D:5)
  A scorpion (D:4)
  2 hounds
  An orc priest (D:5)
  2 gnoll boudas (D:5)
  3 orc wizards
  An adder (D:5)
  4 worms
  A dart slug (D:2)
  11 orcs
  6 bats
  5 endoplasms
  2 giant cockroaches
  7 goblins
  8 hobgoblins
  6 jackals
  7 kobolds
  2 quokkas (D:4)
  9 ball pythons
  3 rats
83 creatures vanquished.

Notes
Turn   | Place    | Note
-------+----------+-------------------------------------------
     0 | D:1      | bearlyready the Gnoll Reaver began the quest for the Orb.
     0 | D:1      | Reached XP level 1. HP: 20/20 MP: 6/6
   191 | D:1      | Reached XP level 2. HP: 26/26 MP: 7/7
   992 | D:2      | Learned a level 2 spell: Momentum Strike
   998 | D:2      | Reached skill level 5 in Spellcasting
   998 | D:2      | Reached XP level 3. HP: 26/31 MP: 7/9
  1191 | D:2      | Reached skill level 1 in Invocations
  1198 | D:2      | Reached skill level 1 in Short Blades
  1198 | D:2      | Reached skill level 1 in Long Blades
  1198 | D:2      | Reached skill level 1 in Axes
  1198 | D:2      | Reached skill level 1 in Polearms
  1198 | D:2      | Reached skill level 1 in Staves
  1198 | D:2      | Reached skill level 1 in Ranged Weapons
  1198 | D:2      | Reached skill level 1 in Throwing
  1198 | D:2      | Reached skill level 1 in Armour
  1198 | D:2      | Reached skill level 1 in Stealth
  1198 | D:2      | Reached skill level 1 in Shields
  1198 | D:2      | Reached skill level 1 in Unarmed Combat
  1198 | D:2      | Reached skill level 1 in Evocations
  1198 | D:2      | Reached XP level 4. HP: 29/38 MP: 11/11
  1900 | D:3      | Identified the +7 chain mail of Xoifi {Drain rC- Regen+
                  | Dex+7}
  2049 | D:3      | Found an iron altar of Okawaru.
  2117 | D:3      | Found a sparkling altar of Nemelex Xobeh.
  2193 | D:3      | Reached skill level 1 in Hexes
  2193 | D:3      | Reached skill level 1 in Summonings
  2193 | D:3      | Reached skill level 1 in Necromancy
  2193 | D:3      | Reached skill level 1 in Translocations
  2193 | D:3      | Reached skill level 1 in Transmutations
  2193 | D:3      | Reached skill level 1 in Fire Magic
  2193 | D:3      | Reached skill level 1 in Ice Magic
  2193 | D:3      | Reached skill level 1 in Air Magic
  2193 | D:3      | Reached skill level 1 in Earth Magic
  2193 | D:3      | Reached skill level 1 in Poison Magic
  2588 | D:3      | Found a runed translucent gate.
  2588 | D:3      | Noticed lonewolfV2's ghost (amateur FoFi)
  2589 | D:3      | Found a runed translucent gate.
  2590 | D:3      | Found a runed translucent gate.
  2598 | D:3      | Noticed a kobold brigand
  3024 | D:4      | Noticed a scorpion
  3044 | D:5      | Entered Level 5 of the Dungeon
  3055 | D:5      | Found a staircase to the Ecumenical Temple.
  3063 | Temple   | Entered the Ecumenical Temple
  3139 | D:5      | Reached XP level 5. HP: 30/43 MP: 12/12
  3235 | Temple   | Became a worshipper of Cheibriados the Contemplative
  3326 | D:5      | Noticed Grinder
  3327 | D:5      | Paralysed by Grinder for 2 turns
  3332 | D:5      | Noticed a phantom
  3342 | D:5      | Killed Grinder
  3343 | D:5      | Reached skill level 5 in Fighting
  3343 | D:5      | Reached skill level 5 in Dodging
  3343 | D:5      | Reached XP level 6. HP: 20/51 MP: 14/14
  3353 | D:5      | HP: 1/51 [phantom (3)]
  3405 | D:4      | Reached skill level 7 in Maces & Flails
  3405 | D:4      | Reached XP level 7. HP: 17/56 MP: 15/15
  4778 | D:5      | Mangled by an ogre

Illustrated notes

Levels and vault maps discovered:
D:1:      lightli_arrival_boilingwater, layout_basic
D:2:      layout_loops_cross, minmay_surrounded
D:3:      layout_loops_corners, lemuel_crystal_altar, okawaru_ov_weapons_minmay,
          gammafunk_ghost_nasty_kobolds
D:4:      layout_basic, minmay_misc_feat_alley
D:5:      layout_loops_ring, minmay_temple_entry_arrows, minmay_ruined_shrine,
          uniq_grinder
Temple:   nicolae_temple_bog_church

Skill      XL: |  1  2  3  4  5  6  7 |
---------------+----------------------+-----
Spellcasting   | 5 |  5.7
Invocations    | 1 2 |  2.9
Short Blades   | 1 2 |  2.6
Long Blades    | 1 2 |  2.6
Axes           | 1 2 |  2.6
Polearms       | 1 2 |  2.6
Staves         | 1 2 |  2.6
Ranged Weapons | 1 2 |  2.6
Throwing       | 1 2 |  2.6
Armour         | 1 2 |  2.6
Stealth        | 1 2 |  2.6
Shields        | 1 2 |  2.6
Unarmed Combat | 1 2 |  2.6
Evocations     | 1 2 |  2.6
Hexes          | 1 2 |  2.1
Summonings     | 1 2 |  2.1
Necromancy     | 1 2 |  2.1
Translocations | 1 2 |  2.1
Transmutations | 1 2 |  2.1
Fire Magic     | 1 2 |  2.1
Ice Magic      | 1 2 |  2.1
Air Magic      | 1 2 |  2.1
Earth Magic    | 1 2 |  2.1
Poison Magic   | 1 2 |  2.1
Fighting       | 5 |  5.3
Dodging        | 5 |  5.3
Maces & Flails | 7 |  7.1
Conjurations   | |  5.9

Action                     |  1- 3 |  4- 6 |  7- 9 || total
---------------------------+-------+-------+-------++-------
  Melee: Mace              |    84 |   137 |    49 ||   270
         Bite              |     6 |    13 |     7 ||    26
         Punch             |     2 |     2 |     4 ||     8
         Dagger            |       |       |    52 ||    52
  Throw: Dart              |       |       |     2 ||     2
   Cast: Momentum Strike   |     1 |       |       ||     1
         Kiss of Death     |       |       |     1 ||     1
  Evoke: Wand              |       |     8 |     1 ||     9
    Use: Scroll            |       |     1 |       ||     1
         Potion            |       |     2 |       ||     2
   Stab: Distracted        |       |     1 |       ||     1
         Sleeping          |       |       |     1 ||     1
 Armour: Leather armour    |    18 |    42 |    11 ||    71
  Dodge: Dodged            |    55 |    80 |    39 ||   174
  Block: Other             |       |    21 |    18 ||    39
